 Dungeon Crawl Stone Soup version 0.22-a0-109-gbeb7240 (webtiles) character file.

62 KristoblXynda the Insei (level 3, -3/33 HPs)
             Began as a Draconian Monk on Jan 26, 2018.
             Slain by Crazy Yiuf
             ... wielding a +2 quarterstaff of chaos
              (6 damage)
             ... on level 2 of the Dungeon.
             The game lasted 00:02:56 (1425 turns).

KristoblXynda the Insei (Draconian Monk)            Turns: 1425, Time: 00:02:57

Health: -3/33      AC:  8    Str: 13    XL:     3   Next: 85%
Magic:  3/3        EV: 13    Int: 11    God:
Gold:   85         SH:  0    Dex: 13    Spells: 2/2 levels left

rFire    . . .     SeeInvis .     - Unarmed
rCold    . . .     Gourm    .   (no shield)
rNeg     . . .     Faith    .   (armour unavailable)
rPois    .         Spirit   .   (helmet restricted)
rElec    .         Reflect  .   (no cloak)
rCorr    .         Harm     .   m - +2 pair of gloves
MR       .....                  (no boots)
Stlth    ++........             (no amulet)
HPRegen  0.11/turn              (no ring)
MPRegen  0.08/turn              (no ring)

@: drained
A: unfitting armour, cold-blooded, AC +5
a: no special abilities


You were on level 2 of the Dungeon.
You were not hungry.

You visited 1 branch of the dungeon, and saw 2 of its levels.

You collected 85 gold pieces.

Inventory:

Armour
 m - a +2 pair of gloves (worn)
Scrolls
 b - 3 scrolls of identify {unknown}
 c - 2 scrolls of enchant armour {unknown}
 d - a scroll of remove curse {unknown}
 f - a scroll of teleportation {unknown}
 g - a scroll of immolation {unknown}
 h - a scroll of random uselessness {unknown}
 k - a scroll of noise {unknown}
Potions
 e - a potion of curing
 i - a potion of brilliance {unknown}
 j - a potion of resistance {unknown}
Comestibles
 a - 4 rations
 l - 3 chunks of flesh


   Skills:
 + Level 3.9(3.6) Fighting
 + Level 3.1(2.8) Dodging
 - Level 1.7(1.4) Stealth
 * Level 4.0(3.7) Unarmed Combat


You had 2 spell levels left.
You didn't know any spells.

Dungeon Overview and Level Annotations

Branches:
Dungeon (2/15)

Altars:

Annotations:
D:2 Crazy Yiuf


Innate Abilities, Weirdness & Mutations

Your plain brown scales are hard. (AC +5)
You cannot fit into any form of body armour.
You are cold-blooded and may be slowed by cold attacks.


Message History

You barely miss Crazy Yiuf.
Your tail-slap misses Crazy Yiuf.
You closely miss Crazy Yiuf.
Crazy Yiuf hits you with a quarterstaff of chaos!
You are poisoned.
You barely miss Crazy Yiuf.
You feel sick. Crazy Yiuf closely misses you.
You hit Crazy Yiuf.
Crazy Yiuf is moderately wounded.
You feel sick.
Crazy Yiuf hits you with a quarterstaff of chaos.
It was a potion of curing.
You feel better.
Crazy Yiuf laughs, "Aardvark sing tired!"
Crazy Yiuf hits you with a quarterstaff of chaos!
You feel drained.
Unknown command.
You hit Crazy Yiuf.
Your tail-slap misses Crazy Yiuf.
Crazy Yiuf is heavily wounded.
Crazy Yiuf hits you with a quarterstaff of chaos!
* * * LOW HITPOINT WARNING * * *
Crazy Yiuf burns you.
You die...

#.# #....#
#.#'## #.#
#...##
##.#.#######
#.# ##.##
#...........
### #.##
#........[..
##.#
#...........
#.##
#...........
##.#
#...÷.......
##'##
#..)†.......
#.@.#
#...........
#.g.#
#...........
#..)#
####.#######
##### #.#
#.# #.# ...


You could see Crazy Yiuf.

Vanquished Creatures
  2 adders (D:2)
  2 worms (D:2)
  2 dart slugs (D:1)
  2 leopard geckos (D:1)
  A bat (D:1)
  2 giant cockroaches (D:1)
  3 goblins
  2 hobgoblins (D:1)
  6 jackals
  A quokka (D:2)
  2 frilled lizards
  3 kobolds
  5 rats
33 creatures vanquished.

Notes
Turn   | Place    | Note
-------+----------+-------------------------------------------
     0 | D:1      | KristoblXynda the Draconian Monk began the quest for the Orb.
     0 | D:1      | Reached XP level 1. HP: 19/19 MP: 1/1
   193 | D:1      | Reached XP level 2. HP: 26/26 MP: 2/2
   667 | D:2      | Reached XP level 3. HP: 16/33 MP: 3/3
  1170 | D:2      | Reached skill level 4 in Unarmed Combat
  1198 | D:2      | Found a runed door.
  1417 | D:2      | Noticed Crazy Yiuf
  1425 | D:2      | Slain by Crazy Yiuf

Vault maps used:
D:1:      eino_arrival_druids_welcome
D:2:      uniq_crazy_yiuf_cottage, uniq_jessica

Skill      XL: |  1  2  3 |
---------------+----------+-----
Dodging        | 3 |  3.1
Unarmed Combat | 4 |  4.0
Fighting       | |  3.9
Stealth        | |  1.7

Action                   || total
-------------------------++-------
Melee: Unarmed           ||   132
       Tailslap          ||    13
       Punch             ||     2
  Use: Potion            ||     1
 Stab: Sleeping          ||     2
  Eat: Chunk             ||     2
Armor: Skin              ||    36
Dodge: Dodged            ||    95

Table legend:
 A = Spawn XP
 B = Non-spawn XP
 C = Spawn XP percentage of total XP
 D = Spawn monster count
 E = Non-spawn monster count
 F = Spawn count percentage of total count
 G = Total turns spent on level
                    A         B        C        D         E        F      G
               +---------+---------+-------+---------+---------+-------+---------
         Total |       0 |      89 |   0.0 |       0 |      33 |   0.0 |  1425
               +---------+---------+-------+---------+---------+-------+---------
           D:1 |       0 |      35 |   0.0 |       0 |      17 |   0.0 |   508
           D:2 |       0 |      54 |   0.0 |       0 |      16 |   0.0 |   917
               +---------+---------+-------+---------+---------+-------+---------
